 Dungeon Crawl Stone Soup version 0.19-b1-4-gd8a0a2a (webtiles) character file.

81 nikopol the Chopper (level 4, -3/40 HPs)
             Began as a Hill Orc Berserker on Oct 30, 2016.
             Was a Believer of Trog.
             Slain by a gnoll
             ... wielding a +0 flail
              (7 damage)
             ... on level 3 of the Dungeon.
             The game lasted 00:05:03 (1827 turns).

nikopol the Chopper (Hill Orc Berserker)            Turns: 1827, Time: 00:05:04

Health: -3/40      AC:  6    Str: 19    XL:     4   Next: 42%
Magic:  4/4        EV: 10    Int:  7    God:    Trog [**....]
Gold:   137        SH:  0    Dex: 11    Spells: 0 memorised, 3 levels left

rFire  . . .     SeeInvis .     a - +0 hand axe
rCold  . . .     Gourm    .     r - +0 scale mail
rNeg   . . .     Faith    .     (no shield)
rPois  .         Spirit   .     (no helmet)
rElec  .         Reflect  .     (no cloak)
rCorr  .         Harm     .     (no gloves)
MR     ++...                    (no boots)
Stlth  ..........               (no amulet)
                                (no ring)
                                (no ring)

@: exhausted, starving, regenerating, slowed, very slow
A: no striking features
a: Berserk, Trog's Hand, Burn Spellbooks, Renounce Religion


You were on level 3 of the Dungeon.
You worshipped Trog.
Trog was pleased with you.
You were starving.

You visited 1 branch of the dungeon, and saw 3 of its levels.

You collected 137 gold pieces.

Inventory:

Hand Weapons
 a - a +0 hand axe (weapon)
Missiles
 h - 18 arrows (quivered)
Armour
 b - a +0 animal skin
 r - a +0 scale mail (worn)
Scrolls
 d - a scroll of magic mapping {unknown}
 f - a scroll of teleportation {unknown}
 g - a scroll of blinking {unknown}
 l - a scroll of identify {unknown}
 m - 3 scrolls of remove curse {unknown}
 n - a scroll of random uselessness {unknown}
 p - 2 scrolls of fog {unknown}
 s - a scroll of enchant armour {unknown}
Potions
 e - 2 potions of curing {unknown}
 i - a potion of invisibility {unknown}
 j - a potion of lignification {unknown}
 k - a potion of cancellation {unknown}
 o - a potion of might {unknown}
 q - a potion of magic {unknown}
Comestibles
 c - 2 bread rations
 t - a chunk of flesh


   Skills:
 + Level 4.2 Fighting
 + Level 5.0 Axes
 + Level 3.2 Armour
 + Level 2.0 Dodging


You had 3 spell levels left.
You didn't know any spells.

Dungeon Overview and Level Annotations

Branches:
Dungeon (3/15)

Altars:
Elyvilon


Message History

A hobgoblin comes into view. It is wielding a club.
The hobgoblin shouts!
The gnoll hits you with a flail!
* * * LOW HITPOINT WARNING * * *
Your scale mail prevents you from hitting the gnoll.
The gnoll barely misses you.
You closely miss the gnoll. The gnoll hits you with a flail.
* * * LOW HITPOINT WARNING * * *
The gnoll barely misses you.
You hit the gnoll but do no damage. The gnoll hits you with a flail.
* * * LOW HITPOINT WARNING * * *
Things that are here:
a whip; a halberd; a gnoll skeleton Your skin crawls.
You feel resistant to hostile enchantments.
You are starving!
The gnoll hits you with a flail.
* * * LOW HITPOINT WARNING * * *
The gnoll hits you with a flail!
You die...

...... #.. ..... ..
######### .... #.
#.......# ...
#.###.#####.# .. #..##.#
#.# #. ###.##.# #.#
######.#####...(..#####..
!.....gg@....^.....((.)..
..!.#######..............
# #...#.######.##
#..............
#.#######..###.#####.##
#...........#.....#....
##########........#..##
#...#...###..#
#.#.#.#.###..#


You could see a gnoll and a hobgoblin.

Vanquished Creatures
  3 gnolls (D:3)
  2 adders (D:2)
  A dart slug (D:1)
  A leopard gecko (D:3)
  An orc (D:3)
  6 bats
  A giant cockroach (D:2)
  4 goblins
  3 hobgoblins
  A ball python (D:1)
  3 frilled lizards (D:2)
  4 kobolds
  4 rats
34 creatures vanquished.

Notes
Turn   | Place    | Note
-------+----------+-------------------------------------------
     0 | D:1      | nikopol the Hill Orc Berserker began the quest for the Orb.
     0 | D:1      | Reached XP level 1. HP: 19/19 MP: 1/1
   216 | D:1      | Reached XP level 2. HP: 27/27 MP: 2/2
   659 | D:2      | Reached XP level 3. HP: 29/33 MP: 3/3
   872 | D:2      | Found a faded altar of an unknown god.
   883 | D:2      | Reached ** piety under Trog
  1027 | D:2      | Found a white marble altar of Elyvilon.
  1808 | D:3      | Reached XP level 4. HP: 37/40 MP: 4/4
  1817 | D:3      | Reached skill level 5 in Axes
  1827 | D:3      | Slain by a gnoll

Skill      XL: |  1  2  3  4 |
---------------+-------------+-----
Fighting       | 4 |  4.2
Armour         | 3 |  3.2
Dodging        | 2 |  2.0
Axes           | 5 |  5.0

Action                   |  1- 3 |  4- 6 || total
-------------------------+-------+-------++-------
Melee: Hand axe          |   108 |    11 ||   119
Invok: Berserk           |     1 |       ||     1
       Trog's Hand       |       |     1 ||     1
 Stab: Sleeping          |     1 |       ||     1
  Eat: Chunk             |     2 |       ||     2
Armor: Animal skin       |    20 |       ||    20
       Scale mail        |       |     1 ||     1
Dodge: Dodged            |    71 |     3 ||    74
